 Dungeon Crawl Stone Soup version 0.27-a0-774-g3e622ea735 (webtiles) character file.

Game seed: 6494419225317062826

50 Aggronaut the Stinger (level 3, 0/24 HPs)
             Began as a Demonspawn Venom Mage on Mar 25, 2021.
             Slain by a ball python (1 damage)
             ... on level 3 of the Dungeon.
             The game lasted 00:07:43 (2127 turns).

Aggronaut the Stinger (Demonspawn Venom Mage)       Turns: 2127, Time: 00:07:44

Health: 0/24       AC:  4    Str:  8    XL:     3   Next: 55%
Magic:  4/6        EV:  9    Int: 17    God:
Gold:   74         SH:  0    Dex: 13    Spells: 2/6 levels left

rFire    . . .     SeeInvis .   f - +0 dagger (speed)
rCold    . . .     Faith    .   (no shield)
rNeg     + . .     Spirit   .   a - +0 robe
rPois    .         Reflect  .   (no helmet)
rElec    .         Harm     .   (no cloak)
rCorr    .         Rampage  .   (no gloves)
Will     .....                  (no boots)
Stlth    ++........             (no amulet)
HPRegen  0.08/turn              b - ring of positive energy
MPRegen  0.10/turn              (no ring)

@: constricted
A: slimy green scales 1, demonic magic 1
a: no special abilities


You were on level 3 of the Dungeon.
You visited 1 branch of the dungeon, and saw 3 of its levels.

You collected 74 gold pieces.

Inventory:

Hand Weapons
 f - a +0 dagger of speed (weapon)
Armour
 a - a +0 robe (worn)
Jewellery
 b - a ring of positive energy (right hand)
Scrolls
 c - a scroll of teleportation {unknown}
 g - a scroll of fear {unknown}
Potions
 d - a potion of haste {unknown}
 e - a potion of ambrosia {unknown}


   Skills:
 + Level 1.0 Short Blades
 - Level 1.7 Dodging
 + Level 2.4 Stealth
 - Level 2.0 Spellcasting
 - Level 0.8 Transmutations
 * Level 4.0 Poison Magic


You had 2 spell levels left.
You knew the following spells:

 Your Spells              Type           Power      Damage    Failure   Level
a - Sting                 Tmut/Pois      36%        1d4       7%          1
b - Mephitic Cloud        Conj/Pois/Air  6%         N/A       32%         3

Your spell library contained the following spells:

 Spells                   Type           Power      Damage    Failure   Level
 Poisonous Vapours        Pois/Air       16%        N/A       13%         2
 Ignite Poison            Fire/Tmut/Pois 7%         N/A       30%         3
 Olgreb's Toxic Radiance  Pois           15%        N/A       36%         4


Dungeon Overview and Level Annotations

Branches:
Dungeon (2/15)

Altars:
Ru

Annotations:
D:3 Terence


Innate Abilities, Weirdness & Mutations

You are partially covered in slimy green scales. (AC +2)
Spells you cast may paralyse adjacent enemies.


Message History

Confirm with . or Enter, or press ? or * to list all spells.
Aiming: Sting (safe; 7% risk of failure)
Press: ? - help, Shift-Dir - straight line, f/p - ogre
Aim: an ogre, wielding a +0 giant club (heavily wounded, poisoned, 15% to evade)
The sting hits the ogre.
The ogre looks even sicker.
The ogre is heavily wounded.
Malevolent energies surge around you. The ogre hits you with a +0 giant club!
The ogre hits you with a +0 giant club!
* * * LOW HITPOINT WARNING * * *
You see here a rat corpse.
You see here a dart slug corpse.
The ogre looks more healthy.
A giant cockroach comes into view.
Okay, then.
A giant cockroach comes into view.
The giant cockroach misses you. The giant cockroach barely misses you.
The giant cockroach bites you but does no damage.
A ball python comes into view.
Casting: Sting (safe; 7% risk of failure)
Confirm with . or Enter, or press ? or * to list all spells.
Aiming: Sting (safe; 7% risk of failure)
Press: ? - help, Shift-Dir - straight line, f/p - ogre
Aim: an ogre, wielding a +0 giant club (almost dead, 15% to evade)
The sting hits the giant cockroach but does no damage.
The giant cockroach is poisoned.
Malevolent energies surge around you.
The giant cockroach suddenly stops moving!
The ball python hisses angrily.
You kill the giant cockroach!
The ball python bites you.
* * * LOW HITPOINT WARNING * * *
The ball python grabs you. The ball python constricts you.
Casting: Sting (safe; 7% risk of failure)
Confirm with . or Enter, or press ? or * to list all spells.
Aiming: Sting (safe; 7% risk of failure)
Press: ? - help, Shift-Dir - straight line, f - ball python, p - ogre
Aim: a ball python (constricting you, 36% to evade)
The sting misses the ball python.
Malevolent energies surge around you. The ball python barely misses you.
You die...

.. .. #. ### ##
#.# ..# ...##..
#B###### #.....
........
##.....######...#
......S@..O.....#
##.....######...#
####+# #...#
#...# #...# #...#
##...# +..###
##.# .


You could see an ogre and a ball python.

Vanquished Creatures
  An adder (D:2)
  A worm (D:1)
  2 dart slugs
  5 endoplasms
  A giant cockroach (D:3)
  A goblin (D:2)
  2 hobgoblins (D:1)
  4 kobolds (D:1)
  4 quokkas
  4 ball pythons (D:1)
  5 bats (D:1)
  A frilled lizard (D:1)
  3 rats
34 creatures vanquished.

Notes
Turn   | Place    | Note
-------+----------+-------------------------------------------
     0 | D:1      | Aggronaut the Demonspawn Venom Mage began the quest for the
                  | Orb.
     0 | D:1      | Reached XP level 1. HP: 13/13 MP: 3/3
   415 | D:1      | Gained mutation: You are partially covered in slimy green
                  | scales. (AC +2) [demonic ancestry]
   415 | D:1      | Reached XP level 2. HP: 19/19 MP: 5/5
  1590 | D:1      | Gained mutation: Spells you cast may paralyse adjacent
                  | enemies. [demonic ancestry]
  1590 | D:1      | Reached XP level 3. HP: 5/24 MP: 4/6
  1966 | D:2      | Reached skill level 1 in Short Blades
  2019 | D:2      | You fall into a shaft and drop 1 floor!
  2022 | D:3      | Noticed Terence
  2038 | D:3      | Reached skill level 4 in Poison Magic
  2042 | D:3      | Learned a level 3 spell: Mephitic Cloud
  2072 | D:3      | Found a sacrificial altar of Ru.
  2076 | D:3      | Noticed an ogre
  2126 | D:3      | HP: 1/24 [ball python (3)]
  2127 | D:3      | Slain by a ball python

Illustrated notes

Levels and vault maps discovered:
D:1:      erik_arrival_cave_to_civilisation [erik_arrival_cave_to_hall],
          layout_loops_ring
D:2:      layout_basic, grunt_temple_overflow_forces_of_nature, zin_angel,
          chequers_serial_rivers_small_b
D:3:      layout_basic, nzn_overflow_gifts_of_might_and_magic,
          nicolae_ru_sacrificial_ziggurat, uniq_terence

Skill      XL: |  1  2  3 |
---------------+----------+-----
Stealth        | 2 |  2.4
Short Blades   | 1 |  1.0
Poison Magic   | 4 |  4.0
Dodging        | |  1.7
Spellcasting   | |  2.0
Transmutations | |  0.8

Action                   || total
-------------------------++-------
Melee: Short sword       ||    11
       Unarmed           ||     4
       Dagger            ||    22
 Cast: Sting             ||    53
 Stab: Sleeping          ||     1
       Paralysed         ||     1
Armor: Robe              ||    11
Dodge: Dodged            ||    62

Table legend: (Time is in decaauts)
 A = Elapsed time spent in this place.
 B = Non-inter-level travel time spent in this place.
 C = Inter-level travel time spent in this place.
 D = Time resting spent in this place.
 E = Time spent auto-exploring this place.
 F = Levels seen in this place.
 G = Mean time per level.
                   A        B        C        D        E       F      G
               +--------+--------+--------+--------+--------+-----+--------+
         Total |   2119 |   2014 |    105 |    555 |    951 |   3 |  706.3 |
       Dungeon |   2119 |   2014 |    105 |    555 |    951 |   3 |  706.3 |
               +--------+--------+--------+--------+--------+-----+--------+

Top non-repeatable levels by time:
     D:1: 1878 daAuts
     D:2: 133 daAuts
     D:3: 107 daAuts
